 Dungeon Crawl Stone Soup version 0.30-a0-772-g5528072 (webtiles) character file.

Game seed: 2667517443980888451

212 Blightor the Trooper (level 5, -1/42 HPs)
             Began as a Demonspawn Chaos Knight on Feb 12, 2023.
             Was a Plaything of Xom.
             Slain by Ijyb
             ... wielding a +0 club
              (2 damage)
             ... on level 3 of the Dungeon.
             The game lasted 00:15:44 (2373 turns).

Blightor the Trooper (Demonspawn Chaos Knight)      Turns: 2373, Time: 00:15:45

Health: -1/42      AC:  6    Str: 20    XL:     5   Next: 58%
Magic:  5/5        EV: 12    Int: 16    God:    Xom [...*..]
Gold:   34         SH:  0    Dex: 12    Spells: 4/4 levels left

rFire   . . .      SeeInvis .    m - staff of earth
rCold   . . .      Faith    .    (no shield)
rNeg    . . .      Spirit   .    b - +2 leather armour
rPois   .          Reflect  .    (no helmet)
rElec   .          Harm     .    (no cloak)
rCorr   .          Rampage  .    (no gloves)
Will    .....                    (no boots)
Stlth   +                        (no amulet)
HPRegen 0.27/turn                d - +6 ring of strength
MPRegen 0.09/turn                (no ring)

@: no status effects
A: ignite blood 1, big brain 1, weakness stinger 1, shaggy fur 1, wild magic 1,
no potion heal 1
a: Renounce Religion


You were on level 3 of the Dungeon.
You worshipped Xom.
You were a favourite toy of Xom.
You visited 1 branch of the dungeon, and saw 4 of its levels.

You collected 138 gold pieces.
You spent 104 gold pieces at shops.

Inventory:

Hand Weapons
 a - a +0 spear of chaos
Missiles
 h - 4 poisoned darts
Armour
 b - a +2 leather armour (worn)
Magical Staves
 m - a staff of earth (weapon)
Jewellery
 d - a +6 ring of strength (left hand)
Scrolls
 e - a scroll of teleportation {unknown}
 j - 2 scrolls of vulnerability {unknown}
 k - a scroll of identify {unknown}
 l - 3 scrolls of amnesia {unknown}
 n - a scroll of blinking {unknown}
Potions
 f - a potion of mutation
 g - a potion of brilliance {unknown}
 i - a potion of lignification {unknown}
 o - a potion of cancellation {unknown}
 q - a potion of degeneration {unknown}
Miscellaneous
 c - a piece from Xom's chessboard (11/15) (quivered)


   Skills:
 + Level 3.8 Fighting
 + Level 3.5(3.7) Polearms
 + Level 1.1(2.5) Staves
 + Level 2.7 Armour
 + Level 2.1 Dodging
 - Level 0.6 Stealth
 * Level 0.5 Earth Magic
 * Level 1.1 Evocations


You had 4 spell levels left.
You didn't know any spells.
Your spell library was empty.

Dungeon Overview and Level Annotations

Branches:
Dungeon (4/15)
 Temple: D:4-7

Altars:
Xom

Shops:
D:3 !

Annotations:
D:3 Ijyb


Innate Abilities, Weirdness & Mutations

Your demonic aura sometimes causes spilled blood to erupt in flames.
You have an unusually large brain. (Int +2)
You have a small tail.
You are covered in fur. (AC +1)
Your spells are a little harder to cast, but a little more powerful.
Potions are less effective at restoring your health.


Message History

It was a potion of mutation.
You feel extremely strange. Fur sprouts all over your body.
Your system partially rejects the healing effects of potions.
You feel less in control of your magic.
Xom thinks this is hilarious!
Ijyb drinks a potion.
Ijyb is healed!
The frilled lizard bites you but does no damage.
You make a move on Xom's chessboard...
The frilled lizard is moving more slowly.
Ijyb closely misses you. The frilled lizard misses you.
You hit Ijyb.
Ijyb is moderately wounded.
Ijyb screams, "You nasty!
Big nasty!"
Ijyb hits you but does no damage.
The frilled lizard bites you but does no damage.
You hit Ijyb.
Ijyb is moderately wounded.
Ijyb hits you but does no damage.
The frilled lizard bites you but does no damage.
You hit Ijyb but do no damage. You tail-slap Ijyb!
Ijyb is heavily wounded.
Ijyb hits you with a +0 club.
* * * LOW HITPOINT WARNING * * *
The frilled lizard closely misses you.
You make a move on Xom's chessboard...
Ijyb seems to slow down.
The frilled lizard stops moving altogether!
Ijyb hits you but does no damage.
You hit Ijyb.
Ijyb is heavily wounded.
Ijyb zaps a wand.
The puff of flame hits you.
* * * LOW HITPOINT WARNING * * *
You emit a cloud of colourful smoke!
You make a move on Xom's chessboard...
The frilled lizard struggles to resist.
You closely miss Ijyb.
Your tail-slap misses Ijyb.
Ijyb is heavily wounded.
Ijyb zaps a wand.
The puff of flame hits you.
* * * LOW HITPOINT WARNING * * *
You make a move on Xom's chessboard...
Ijyb resists with significant effort.
Ijyb hits you with a +0 club.
You die...

#.# #.....# #.#
#†#####
#.######.#.########.
#...†...............
#####†##.#.#........
##....##.###.######.
##......### #.#
#......†.####§######.#
#.......(#...†@g.....#
#........####§#l#.####
#........# ...#.#
##......#######.#
##....## .# ###### .#
.# .#


You could see Ijyb (slow) and a frilled lizard (petrified).

Vanquished Creatures
  A centaur (D:3)
  Natasha (D:1)
  4 adders
  A worm (D:2)
  4 dart slugs (D:1)
  7 ball pythons
  5 bats
  4 endoplasms
  11 giant cockroaches
  7 hobgoblins
  2 quokkas (D:2)
  4 frilled lizards
  4 goblins
  6 kobolds
  5 rats
66 creatures vanquished.

Vanquished Creatures (others)
  A rat (D:3)
1 creature vanquished.

Grand Total: 67 creatures vanquished

Notes
Turn   | Place    | Note
-------+----------+-------------------------------------------
     0 | D:1      | Blightor the Demonspawn Chaos Knight began the quest for
                  | the Orb.
     0 | D:1      | Reached XP level 1. HP: 18/18 MP: 1/1
   167 | D:1      | XOM: silly message
   276 | D:1      | Gained mutation: Your demonic aura sometimes causes spilled
                  | blood to erupt in flames. [demonic ancestry]
   276 | D:1      | Reached XP level 2. HP: 24/24 MP: 2/2
   470 | D:1      | XOM: divination: magic mapping
   503 | D:1      | XOM: butterfly on damage
   509 | D:1      | Reached skill level 1 in Dodging
   527 | D:1      | XOM: confusion (+ monsters)
   785 | D:1      | Gained mutation: You have an unusually large brain. (Int
                  | +2) [demonic ancestry]
   785 | D:1      | Reached XP level 3. HP: 26/29 MP: 3/3
   959 | D:2      | Noticed Natasha
   960 | D:2      | XOM: confuse monster(s)
   979 | D:1      | Killed Natasha
  1089 | D:2      | Reached XP level 4. HP: 27/36 MP: 4/4
  1189 | D:2      | XOM: polymorph giant cockroach -> quokka
  2034 | D:3      | Found Usejohiy's Distillery.
  2123 | D:3      | Bought a potion of heal wounds for 65 gold pieces
  2123 | D:3      | Bought a potion of curing for 39 gold pieces
  2200 | D:3      | Noticed a centaur
  2201 | D:3      | XOM: scenery: create altars
  2202 | D:3      | XOM: polymorph rat -> ball python
  2213 | D:3      | XOM: potion effect (invisibility)
  2230 | D:3      | Killed a centaur
  2231 | D:3      | Reached skill level 1 in Staves
  2231 | D:3      | Gained mutation: You have a small tail. [demonic ancestry]
  2231 | D:3      | Reached XP level 5. HP: 39/42 MP: 5/5
  2288 | D:3      | Reached skill level 1 in Evocations
  2353 | D:3      | Noticed Ijyb
  2364 | D:3      | Gained mutation: You are covered in fur. (AC +1) [potion of
                  | mutation]
  2364 | D:3      | Gained mutation: Potions are less effective at restoring
                  | your health. [potion of mutation]
  2364 | D:3      | Gained mutation: Your spells are a little harder to cast,
                  | but a little more powerful. [potion of mutation]
  2370 | D:3      | XOM: smoke on damage
  2372 | D:3      | HP: 1/42 [Ijyb/puff of flame (5)]
  2373 | D:3      | Slain by Ijyb

Illustrated notes

Levels and vault maps discovered:
D:1:      evilmike_arrival_hilbert_curve, layout_loops_ring
D:2:      minmay_diamond_boxcup, layout_basic, uniq_natasha
D:3:      minmay_roachtagon, layout_loops_ring, mainiacjoe_overflow_alcove_4,
          mainiacjoe_overflow_six_doors_small, serial_shops, nicolae_shop_stone,
          ebering_ghost_inner_flame, nicolae_concentric_dashed_squares_wild,
          kennysheep_generic_room_4, uniq_ijyb
D:4:      layout_basic, lemuel_doored_altar, minmay_temple_entry_tees,
          cheibrodos_sewer_entry_bend, uniq_edmund, uniq_grinder

Skill      XL: |  1  2  3  4  5 |
---------------+----------------+-----
Armour         | 2 |  2.7
Dodging        | 1 2 |  2.1
Polearms       | 3 |  3.5
Staves         | 1 |  1.1
Evocations     | 1 |  1.1
Fighting       | |  3.8
Stealth        | |  0.6
Earth Magic    | |  0.5

Action                     |  1- 3 |  4- 6 || total
---------------------------+-------+-------++-------
  Melee: Spear             |    80 |     2 ||    82
         Staff             |       |   200 ||   200
         Tailslap          |       |     9 ||     9
  Evoke: Piece from Xom's  |     1 |     4 ||     5
    Use: Potion            |     1 |     4 ||     5
   Stab: Confused          |     1 |       ||     1
         Invisible         |       |    10 ||    10
         Sleeping          |       |     3 ||     3
 Armour: Leather armour    |    16 |    93 ||   109
  Dodge: Dodged            |    47 |   185 ||   232

Table legend: (Time is in decaauts)
 A = Elapsed time spent in this place.
 B = Non-inter-level travel time spent in this place.
 C = Inter-level travel time spent in this place.
 D = Time resting spent in this place.
 E = Time spent auto-exploring this place.
 F = Levels seen in this place.
 G = Mean time per level.
                   A        B        C        D        E       F      G
               +--------+--------+--------+--------+--------+-----+--------+
         Total |   2386 |   2279 |    107 |    185 |   1287 |   4 |  596.5 |
       Dungeon |   2386 |   2279 |    107 |    185 |   1287 |   4 |  596.5 |
               +--------+--------+--------+--------+--------+-----+--------+

Top non-repeatable levels by time:
     D:1: 1043 daAuts
     D:2: 749 daAuts
     D:3: 591 daAuts
     D:4: 1 daAuts
